 Dungeon Crawl Stone Soup version 0.25-a0-178-gc9f82b1288 (webtiles) character file.

Game seed: 1007849488957791802, levelgen mode: deterministic

135 vurker the Gusty (level 5, 0/29 HPs)
             Began as a Tengu Air Elementalist on Nov 26, 2019.
             Succumbed to a kobold's poison
             ... on level 2 of the Dungeon.
             The game lasted 00:04:37 (4428 turns).

vurker the Gusty (Tengu Air Elementalist)           Turns: 4428, Time: 00:04:37

Health: 0/29       AC:  2    Str:  7 (8)  XL:     5   Next: 18%
Magic:  10/10      EV: 12    Int: 21 (22) God:
Gold:   82         SH:  0    Dex: 13 (14) Spells: 9/10 levels left

rFire    . . .     SeeInvis .   f - +2 dagger (venom)
rCold    . . .     Gourm    .   (no shield)
rNeg     . . .     Faith    .   a - +0 robe
rPois    .         Spirit   .   (helmet restricted)
rElec    .         Reflect  .   (no cloak)
rCorr    .         Harm     .   (no gloves)
MR       .....                  (boots unavailable)
Stlth    ++........             (no amulet)
HPRegen  0.09/turn              (no ring)
MPRegen  0.12/turn              (no ring)

@: brilliant, lethally poisoned (0 -> -1)
A: beak, horns 1, talons 3, MP-powered wands, able to fly
a: Fly


You were on level 2 of the Dungeon.
You were not hungry.

You visited 1 branch of the dungeon, and saw 3 of its levels.

You collected 82 gold pieces.

Inventory:

Hand Weapons
 f - a +2 dagger of venom (weapon)
   (You took it off a kobold on level 1 of the Dungeon)
Armour
 a - a +0 robe (worn)
Scrolls
 b - 2 scrolls of amnesia {unknown}
 c - 3 scrolls of blinking {unknown}
 d - 2 scrolls of random uselessness {unknown}
 g - a scroll of magic mapping {unknown}
 j - a scroll of enchant armour {unknown}
 k - a scroll of identify {unknown}
 l - a scroll of teleportation {unknown}
 p - a scroll of enchant weapon {unknown}
 r - 2 scrolls of immolation {unknown}
Potions
 h - a potion of mutation
 i - a potion of lignification
Comestibles
 e - 4 rations
 q - 2 chunks of flesh


   Skills:
 + Level 1.3 Fighting
 - Level 2.1 Dodging
 - Level 2.0 Stealth
 * Level 3.1 Spellcasting
 * Level 3.4 Conjurations
 * Level 5.2 Air Magic


You had 9 spell levels left.
You knew the following spells:

 Your Spells              Type           Power        Failure   Level  Hunger
a - Shock                 Conj/Air       ####         1%          1    None

Your spell library contained the following spells:

 Spells                   Type           Power        Failure   Level  Hunger
 Swiftness                Chrm/Air       ####....     1%          2    ##.....
 Static Discharge         Conj/Air       ####....     1%          3    ###....
 Airstrike                Air            #####.....   1%          4    ####...
 Lightning Bolt           Conj/Air       ####......   7%          5    ######.


Dungeon Overview and Level Annotations

Branches:
Dungeon (3/15)

Altars:
Ru


Innate Abilities, Weirdness & Mutations

You have a beak for a mouth.
You have claws for feet.
You can fly continuously.
You have a pair of small horns on your head.
You expend magic power (3 MP) to strengthen your wands.


Message History

You are more poisoned.
There is a stone staircase leading up here.
You see here a poisoned dart.
You feel sick.
The kobold throws a poisoned dart.
The poisoned dart closely misses you.
You climb upwards.
* * * LOW HITPOINT WARNING * * *
You feel very sick.
There is a stone staircase leading down here.
It was a potion of lignification.
You turn into a tree.
Your +0 robe melds into your body.
Your roots penetrate the ground.
* * * LOW HITPOINT WARNING * * *
You feel sick.
It was a potion of mutation.
You feel extremely strange. A pair of horns grows on your head!
You feel your magical essence link to the dungeon's wands.
* * * LOW HITPOINT WARNING * * *
You feel sick.
You start resting.
* * * LOW HITPOINT WARNING * * *
You feel sick.
You start resting.
* * * LOW HITPOINT WARNING * * *
You feel sick.
You start resting.
You feel sick.
Unknown command.
You start resting.
* * * LOW HITPOINT WARNING * * *
You feel sick.
Some of the chunks of flesh in your inventory have rotted away.
You start resting.
You feel sick.
You feel yourself speed up.
You feel sick. x5
Your transformation is almost over.
You feel sick.
You start resting.
You feel sick. x2
You feel less wooden.
Your +0 robe unmelds from your body.
There is a lethal amount of poison in your body!
Unknown command.
It was a potion of cancellation.
You feel magically purged.
* * * LOW HITPOINT WARNING * * *
You feel sick.
It was a potion of degeneration.
There was something very wrong with that liquid.
You feel weakened.
You feel dopey.
You feel clumsy.
It was a potion of brilliance.
You feel clever all of a sudden.
You die...

#.#.......#.##......###########
#.#............................
#.#.......#.##...>..###########
#.#.......#.##......#
#.#.......#.##......#
#.#.......#.##......###########
#...........##.................
##############......###########
#..........>.@................
#.############################
#.########### #...........#
#.#########.# ### #.# #.# #.#
#.#


There were no monsters in sight!

Vanquished Creatures
  4 gnolls (D:2)
  An adder (D:3)
  An ooze (D:3)
  2 worms
  5 dart slugs
  4 giant cockroaches
  5 goblins
  11 hobgoblins
  2 jackals (D:1)
  7 kobolds
  3 quokkas
  9 bats
  2 frilled lizards
  8 rats
64 creatures vanquished.

Vanquished Creatures (others)
  8 toadstools (D:3)
8 creatures vanquished.

Grand Total: 72 creatures vanquished

Notes
Turn   | Place    | Note
-------+----------+-------------------------------------------
     0 | D:1      | vurker the Tengu Air Elementalist began the quest for the
                  | Orb.
     0 | D:1      | Reached XP level 1. HP: 10/10 MP: 4/4
   124 | D:1      | Reached XP level 2. HP: 15/15 MP: 3/6
   607 | D:1      | Reached XP level 3. HP: 20/20 MP: 3/7
  1747 | D:2      | Reached XP level 4. HP: 24/24 MP: 7/9
  2027 | D:2      | Reached skill level 1 in Fighting
  2033 | D:2      | Reached skill level 5 in Air Magic
  2357 | D:2      | Found a sacrificial altar of Ru.
  2530 | D:2      | Found a sacrificial altar of Ru.
  4020 | D:3      | Gained mutation: You can fly continuously. [Tengu growth]
  4020 | D:3      | Reached XP level 5. HP: 29/29 MP: 7/10
  4397 | D:2      | Gained mutation: You have a pair of small horns on your
                  | head. [potion of mutation]
  4397 | D:2      | Gained mutation: You expend magic power (3 MP) to
                  | strengthen your wands. [potion of mutation]
  4424 | D:2      | HP: 1/29 [poisoned by a kobold]
  4428 | D:2      | Succumbed to a kobold's poison

Levels and vault maps discovered:
D:1:      dpeg_arrival_radiant, layout_rooms
D:2:      layout_basic, minmay_misc_feat_four_crosses, grunt_decor_cap,
          nicolae_ru_path_of_blood
D:3:      cheibrodos_fertilizer, layout_basic

Skill      XL: |  1  2  3  4 |
---------------+-------------+-----
Conjurations   | 2 3 |  3.4
Fighting       | 1 |  1.3
Air Magic      | 5 |  5.2
Spellcasting   | 3 |  3.1
Dodging        | |  2.1
Stealth        | |  2.0

Action                   |  1- 3 |  4- 6 || total
-------------------------+-------+-------++-------
Melee: Dagger            |    12 |     1 ||    13
       Peck              |     2 |       ||     2
       Kick              |     1 |     1 ||     2
 Cast: Shock             |    81 |    67 ||   148
  Use: Potion            |       |     5 ||     5
 Stab: Sleeping          |     1 |       ||     1
  Eat: Chunk             |     3 |     2 ||     5
       Ration            |       |     2 ||     2
Armor: Robe              |       |     5 ||     5
Dodge: Dodged            |     7 |    21 ||    28

Table legend:
 A = Non-vault XP
 B = Vault XP
 C = Vault XP percentage of total XP
 D = Non-vault monster count
 E = Vault monster count
 F = Vault count percentage of total count
                 A         B        C        D         E       F
            +---------+---------+-------+---------+---------+-------
      Total |     193 |       0 |   0.0 |      64 |       0 |   0.0
            +---------+---------+-------+---------+---------+-------
        D:1 |      41 |       0 |   0.0 |      22 |       0 |   0.0
        D:2 |     106 |       0 |   0.0 |      26 |       0 |   0.0
        D:3 |      46 |       0 |   0.0 |      16 |       0 |   0.0
            +---------+---------+-------+---------+---------+-------
